 Dungeon Crawl Stone Soup version 0.28.0-53-g5a82cb258f (webtiles) character file.

Game seed: 3734562795608904450

2416 Zeld the Changer (level 9, 0/88 HPs)
             Began as a Pale Draconian Transmuter on May 21, 2022.
             Was an Initiate of Gozag.
             Killed from afar by a steam dragon (22 damage)
             ... with a ball of steam
             ... on level 7 of the Dungeon.
             The game lasted 00:09:30 (12390 turns).

Zeld the Changer (Pale Draconian Transmuter)       Turns: 12390, Time: 00:09:31

Health: 0/88       AC:  7    Str: 16    XL:     9   Next: 23%
Magic:  15/18      EV: 11    Int: 14    God:    Gozag
Gold:   588        SH:  0    Dex: 12    Spells: 11/21 levels left

rFire   x . .      SeeInvis .     - Unarmed
rCold   + + +      Faith    .   (shield currently unavailable)
rNeg    . . .      Spirit   .   (armour unavailable)
rPois   +          Reflect  .   (helmet currently unavailable)
rElec   .          Harm     .   (cloak currently unavailable)
rCorr   +          Rampage  .   (gloves currently unavailable)
Will    +....                   (boots currently unavailable)
Stlth   +.........              (no amulet)
HPRegen 0.24/turn               h - ring "Cuateh" {Wiz Will+ rCorr}
MPRegen 0.16/turn               (no ring)

@: ice-form
A: freezing attack, amphibious, boosted hp, (breathe steam), AC +7, large,
unfitting armour, (cold-blooded), (steam resistance)
a: End Transformation, Renounce Religion, Potion Petition, Call Merchant, Bribe
Branch


You were on level 7 of the Dungeon.
You worshipped Gozag.
Gozag was pleased with you.
You were a creature of crystalline ice.
You visited 2 branches of the dungeon, and saw 8 of its levels.

You collected 2568 gold pieces.
You spent 1226 gold pieces at shops.
You paid 754 gold pieces to Gozag.

Inventory:

Armour
 c - a +2 cloak (melded)
 f - a +0 pair of gloves (melded)
 i - a +0 pair of boots (melded)
Jewellery
 h - the ring "Cuateh" (left front paw) {Wiz Will+ rCorr}
   (You found it on level 4 of the Dungeon)

   [ring of wizardry]

   It improves your spell success rate.
   rCorr:     It protects you from acid and corrosion.
   Will:      It increases your willpower.
Wands
 n - a wand of acid (2)
Scrolls
 j - a scroll of amnesia
 k - 2 scrolls of teleportation
 l - 3 scrolls of magic mapping
 m - a scroll of identify
Potions
 a - 3 potions of mutation {unknown}
 b - 7 potions of curing {unknown}
 d - 2 potions of heal wounds {unknown}
 e - a potion of lignification {unknown}
 g - a potion of degeneration {unknown}
 o - a potion of brilliance {unknown}


   Skills:
 + Level 5.3 Fighting
 + Level 4.8 Dodging
 - Level 3.0 Unarmed Combat
 * Level 6.5 Spellcasting
 * Level 7.3 Transmutations
 - Level 2.0 Ice Magic
 - Level 2.0 Poison Magic


You had 11 spell levels left.
You knew the following spells:

 Your Spells              Type           Power      Damage    Failure   Level
a - Beastly Appendage     Tmut           50%        N/A       1%          1
b - Wereblood             Tmut           25%        N/A       1%          2
c - Spider Form           Tmut/Pois      17%        N/A       2%          3
d - Ice Form              Ice/Tmut       17%        N/A       9%          4

Your spell library contained the following spells:

 Spells                   Type           Power      Damage    Failure   Level
 Sublimation of Blood     Necr           4%         N/A       9%          2
 Summon Hydra             Summ           2%         N/A       100%        7


Dungeon Overview and Level Annotations

Branches:
Dungeon (7/15)             Temple (1/1) D:4

Altars:
Cheibriados
Dithmenos
Fedhas
Gozag
Hepliaklqana
Kikubaaqudgha
Makhleb
Nemelex Xobeh
Okawaru
Qazlal
Ru
Sif Muna
Trog
Uskayaw
Vehumet
Wu Jian
Xom
Yredelemnul
Zin
The Shining One

Shops:
D:2 (   D:3 ?   D:4 =*


Innate Abilities, Weirdness & Mutations

You are a creature of crystalline ice.
You have a powerful freezing melee attack.
You are amphibious.
Your maximum health is increased.
Your armour is entirely melded.
You are incapable of wielding weapons or throwing items.
((You can breathe blasts of scalding, opaque steam.))
((Your pale cyan-grey scales are hard. (AC +7)))
You cannot fit into any form of body armour.
((You are cold-blooded and may be slowed by cold attacks.))
((You are immune to the effects of steam.))


Message History

Okay, then.
Okay, then.
Casting: Ice Form (dangerous; 9% risk of failure)
Confirm with . or Enter, or press ? or * to list all spells.
You turn into a creature of crystalline ice.
Your +2 cloak melds into your body.
Your +0 pair of gloves melds into your body.
Your +0 pair of boots melds into your body.
The steam dragon hisses angrily.
The steam dragon breathes steam at you. The ball of steam hits you!!
The steam scalds you terribly!
No target in view!
No target in view!
No target in view!
Unknown command.
No target in view!
You are engulfed in a cloud of scalding steam.
You are engulfed in a cloud of scalding steam.
The steam dragon breathes steam at you. The ball of steam hits you!!
The steam scalds you terribly!
You are too injured to fight recklessly!
You punch the steam dragon! You freeze the steam dragon.
The steam dragon is heavily wounded.
The steam dragon bites you!
* * * LOW HITPOINT WARNING * * *
The steam dragon claws you but does no damage.
You hit the steam dragon. You freeze the steam dragon.
The steam dragon is severely wounded.
The steam dragon closely misses you. x2
You hit the steam dragon. You freeze the steam dragon.
The steam dragon is severely wounded.
The steam dragon bites you but does no damage.
The steam dragon claws you but does no damage.
Unknown command.
You barely miss the steam dragon.
The steam dragon is severely wounded.
The steam dragon breathes steam at you. The ball of steam hits you!!
The steam scalds you terribly!
You die...
Your body crumbles into a pile of gold.

#.# #..#
#.# #..#
#.# #..#
#.# #..#
#.# #>.#
####.#
#..#
#....#
#..#
#.####
#..######
#Y#
#........
#D#
##.#######
#.#
#...<.....
#.#
#."#######
#.# #..#
#.# #..###
#.# #....#
#.# #.##.#
#.# #.##.#


You could see a steam dragon (catching breath).

Vanquished Creatures
  Sigmund (D:6)
  2 water moccasins (D:7)
  2 ice beasts
  An orc warrior (D:5)
  A black bear (D:5)
  A necrophage (D:7)
  3 ogres
  A phantom (D:7)
  A kobold brigand (D:7)
  4 scorpions
  A bullfrog (D:4)
  A gnoll sergeant (D:7)
  A water moccasin skeleton (D:6)
  7 hounds
  A centaur skeleton (D:7)
  A bullfrog skeleton (D:6)
  2 orc priests
  Crazy Yiuf (D:6)
  Natasha (thrice) (D:2)
  5 iguanas
  2 orc wizards
  A hound skeleton (D:4)
  4 gnolls (D:4)
  5 adders
  3 shadow imps
  A white imp (D:6)
  4 dart slugs
  10 orcs
  6 endoplasms
  3 giant cockroaches
  5 goblins
  11 hobgoblins
  11 ball pythons
  3 bats (D:1)
  4 frilled lizards
  A jackal skeleton (D:4)
  8 kobolds
  3 rats
125 creatures vanquished.

Vanquished Creatures (others)
  A fungus (D:1)
  A plant (D:2)
2 creatures vanquished.

Grand Total: 127 creatures vanquished

Notes
Turn   | Place    | Note
-------+----------+-------------------------------------------
     0 | D:1      | Zeld the Draconian Transmuter began the quest for the Orb.
     0 | D:1      | Reached XP level 1. HP: 16/16 MP: 3/3
   507 | D:1      | Reached XP level 2. HP: 19/23 MP: 3/5
   615 | D:1      | Learned a level 2 spell: Wereblood
   909 | D:1      | Found a faded altar of an unknown god.
  1492 | D:2      | Reached XP level 3. HP: 24/28 MP: 4/6
  1499 | D:2      | Learned a level 3 spell: Spider Form
  1646 | D:2      | Reached skill level 1 in Poison Magic
  1741 | D:2      | Reached XP level 4. HP: 30/35 MP: 5/7
  2169 | D:2      | Found Dyuk's Antique Weapon Emporium.
  2198 | D:2      | Reached skill level 1 in Ice Magic
  2235 | D:2      | Noticed Natasha
  2245 | D:2      | Killed Natasha
  2246 | D:2      | Reached skill level 3 in Transmutations
  2561 | D:2      | Identified the +1 ring mail of the Lute {rPois Dex+2
                  | Stlth+}
  2956 | D:2      | Noticed Natasha
  2966 | D:2      | Killed Natasha
  2967 | D:2      | Reached XP level 5. HP: 39/41 MP: 6/9
  3229 | D:2      | Found Dyuk's Antique Weapon Emporium.
  3255 | D:2      | Noticed Natasha
  3262 | D:2      | Killed Natasha
  3559 | D:2      | Learned a level 4 spell: Ice Form
  4277 | D:4      | Noticed an ogre
  4277 | D:4      | Noticed an ice beast
  4323 | D:3      | Killed an ice beast
  4324 | D:3      | Reached XP level 6. HP: 19/50 MP: 6/11
  4795 | D:4      | Reached skill level 4 in Transmutations
  5111 | D:4      | Identified the ring "Cuateh" {Wiz Will+ rCorr}
  5452 | D:4      | Your scales start taking on a pale cyan-grey colour.
  5452 | D:4      | Reached XP level 7. HP: 50/56 MP: 8/12
  5452 | D:4      | Gained mutation: You are immune to the effects of steam.
                  | [Pale Draconian growth]
  5489 | D:4      | Found a staircase to the Ecumenical Temple.
  5555 | Temple   | Entered the Ecumenical Temple
  5806 | Temple   | Became a worshipper of Gozag Ym Sagoz the Greedy
  6060 | D:3      | Found Sics's Magic Scroll Shop.
  6109 | D:3      | Bought a scroll of identify for 22 gold pieces
  6109 | D:3      | Bought a scroll of identify for 22 gold pieces
  6109 | D:3      | Bought a scroll of magic mapping for 38 gold pieces
  6109 | D:3      | Bought a scroll of magic mapping for 38 gold pieces
  6463 | D:4      | Found Siciroju's Jewellery Shoppe.
  6651 | D:4      | Found a sparkling altar of Nemelex Xobeh.
  6655 | D:4      | Found a glowing silver altar of Zin.
  6779 | D:4      | Identified a scroll of acquirement
  6784 | D:4      | Acquired 710 gold pieces
  6822 | D:3      | Bought a scroll of acquirement for 572 gold pieces
  6966 | D:4      | Acquired 1132 gold pieces
  7332 | D:4      | Bought a grey potion for 27 gold pieces
  7332 | D:4      | Bought a scroll of identify for 62 gold pieces
  7332 | D:4      | Bought a scroll labelled UMYZUO ECEGGO for 31 gold pieces
  7332 | D:4      | Bought a scroll labelled ONGOSHR ZUALYT for 31 gold pieces
  7332 | D:4      | Bought an emerald potion for 27 gold pieces
  7332 | D:4      | Bought an ivory great sword for 356 gold pieces
  7332 | D:4      | Identified the +8 great sword of Eternal Harmony {vorpal,
                  | rElec rC+} (You bought it in a shop on level 4 of the
                  | Dungeon)
  7382 | D:5      | Entered Level 5 of the Dungeon
  7503 | D:5      | Reached skill level 5 in Transmutations
  8479 | D:6      | Noticed Sigmund
  8783 | D:6      | Killed Sigmund
  8784 | D:6      | Reached XP level 8. HP: 66/66 MP: 11/15
  8863 | D:6      | Reached skill level 5 in Spellcasting
  9293 | D:6      | Reached skill level 6 in Transmutations
 11238 | D:6      | Found a runed translucent door.
 11239 | D:6      | Noticed Crazy Yiuf
 11606 | D:6      | Killed Crazy Yiuf
 11852 | D:7      | Reached skill level 5 in Fighting
 11858 | D:7      | Reached XP level 9. HP: 66/74 MP: 15/18
 11976 | D:7      | Reached skill level 7 in Transmutations
 12390 | D:7      | Killed from afar by a steam dragon

Illustrated notes

Levels and vault maps discovered:
D:1:      dpeg_cavernosity, layout_basic, hellmonk_ecumenical_altar_run_dry
D:2:      layout_basic, serial_forest, infiniplex_forest_straight_4,
          infiniplex_forest_lined_3, infiniplex_forest_lined_room_3,
          infiniplex_forest_lined_3_way, infiniplex_forest_zigzag_2,
          infiniplex_forest_lined_3, infiniplex_forest_fountain,
          infiniplex_forest_lined_2, infiniplex_forest_straight_5,
          infiniplex_forest_clump_long, serial_shops,
          nicolae_shop_hallway_stairs, uniq_natasha
D:3:      layout_basic, serial_shops, shop
D:4:      layout_basic, nicolae_overflow_squiral,
          minmay_temple_entry_statues_fountains, serial_shops, shop
D:5:      layout_basic, dk_noncrumbling_4, minmay_misc_feat_rugged,
          hangedman_abyss_or_decor_stagger, serial_bayou_pond_a
D:6:      cheibrodos_quashed, layout_loops_ring, minmay_diced_spiral,
          uniq_crazy_yiuf_cottage, uniq_sigmund
D:7:      minmay_octagon_keep, layout_loops_ring, columned_hall_lemuel
Temple:   dpeg_five_rooms_temple

Skill      XL: |  1  2  3  4  5  6  7  8  9 |
---------------+----------------------------+-----
Dodging        | 2 3 4 |  4.8
Poison Magic   | 1 2 |  2.0
Ice Magic      | 1 2 |  2.0
Transmutations | 3 4 5 6 7 |  7.3
Fighting       | 2 3 5 |  5.3
Spellcasting   | 3 4 6 |  6.5
Unarmed Combat | |  3.0

Action                   |  1- 3 |  4- 6 |  7- 9 || total
-------------------------+-------+-------+-------++-------
Melee: Unarmed           |    79 |   131 |   252 ||   462
       Headbutt          |    10 |     8 |       ||    18
       Kick              |    16 |    12 |       ||    28
       Punch             |     5 |     1 |       ||     6
       Tailslap          |     6 |     4 |     1 ||    11
 Cast: Beastly Appendage |    25 |    19 |       ||    44
       Spider Form       |       |    10 |    18 ||    28
       Ice Form          |       |       |    20 ||    20
Invok: Call Merchant     |       |       |     1 ||     1
  Use: Scroll            |       |       |     8 ||     8
Armor: Skin              |    25 |    29 |    59 ||   113
Dodge: Dodged            |    51 |    84 |   186 ||   321
